 Dungeon Crawl Stone Soup version 0.24-a0-279-ga7546fe (webtiles) character file.

Game seed: 16800953810094106760

3903 erloom the Chiller (level 10, -9/98 HPs)
             Began as an Ogre Transmuter on May 1, 2019.
             Was a Believer of Okawaru.
             Mangled by a two-headed ogre
             ... wielding a +0 giant club
              (17 damage)
             ... on level 7 of the Dungeon.
             The game lasted 00:37:27 (11102 turns).

erloom the Chiller (Ogre Transmuter)               Turns: 11102, Time: 00:37:27

Health: -9/98      AC:  4    Str: 14      XL:     10   Next: 20%
Magic:  15/19      EV: 10    Int: 17      God:    Okawaru [**....]
Gold:   242        SH:  2    Dex:  8 (9)  Spells: 11/21 levels left

rFire    . . .     SeeInvis .   p - +7 glaive of Valiance {drain, rElec rPois Str-2}
rCold    . . .     Gourm    .   (shield currently unavailable)
rNeg     . . .     Faith    .   b - +1 robe
rPois    +         Spirit   .   (helmet restricted)
rElec    +         Reflect  +   (no cloak)
rCorr    .         Harm     .   (gloves unavailable)
MR       +....                  (boots unavailable)
Stlth    +.........             n - +2 amulet of reflection
HPRegen  0.26/turn              (no ring)
MPRegen  0.16/turn              (no ring)

@: invisible
A: large, unfitting armour, tough skin 1
a: Heroism, Renounce Religion


You were on level 7 of the Dungeon.
You worshipped Okawaru.
Okawaru was pleased with you.
You were hungry.

You visited 2 branches of the dungeon, and saw 8 of its levels.

You collected 380 gold pieces.
You spent 138 gold pieces at shops.

Inventory:

Hand Weapons
 p - the +7 glaive of Valiance (weapon) {drain, rElec rPois Str-2}
   (You found it on level 5 of the Dungeon)

   A truly terrible weapon, it drains the life of those it strikes.
   It affects your strength (-2).
   It insulates you from electricity.
   It protects you from poison.
 q - a +0 hand axe of flaming
 r - a +0 giant club
Missiles
 a - 92 arrows
 u - 6 tomahawks (quivered)
 y - 5 exploding tomahawks
 I - a throwing net
Armour
 b - a +1 robe (worn)
 e - a +0 leather armour
 m - a +0 pair of boots
 s - +0 ice dragon scales
Magical Staves
 h - an uncursed staff of power
Jewellery
 n - a +2 amulet of reflection (around neck)
 z - an uncursed amulet of harm
 G - an uncursed ring of fire
Wands
 C - a wand of random effects (15)
 E - a wand of enslavement (7)
Scrolls
 i - a scroll of enchant weapon
 o - a scroll of amnesia
 t - a scroll of blinking
 v - 2 scrolls of remove curse
 w - a scroll of teleportation
 A - 5 scrolls of identify
 D - a scroll of enchant armour
 H - a scroll of magic mapping {unknown}
Potions
 c - a potion of cancellation
 f - a potion of magic
 g - 6 potions of heal wounds {unknown}
 j - a potion of haste
 k - 2 potions of curing
 l - a potion of invisibility
 x - 3 potions of brilliance
 B - 2 potions of lignification {unknown}
Comestibles
 d - 12 rations
 F - 2 chunks of flesh


   Skills:
 - Level 6.0 Fighting
 + Level 3.6 Polearms
 - Level 2.1 Dodging
 - Level 6.0 Unarmed Combat
 - Level 6.0 Spellcasting
 - Level 6.3 Transmutations
 - Level 6.5 Ice Magic
 - Level 2.0 Poison Magic
 - Level 2.2 Invocations


You had 11 spell levels left.
You knew the following spells:

 Your Spells              Type           Power        Failure   Level  Hunger
a - Beastly Appendage     Tmut           ####..       1%          1    None
b - Sticks to Snakes      Tmut           ####....     1%          2    None
c - Spider Form           Tmut/Pois      ###.......   7%          3    ##.....
d - Ice Form              Ice/Tmut       ####....     9%          4    ####...

Your spell library contained the following spells:

 Spells                   Type           Power        Failure   Level  Hunger
 Blade Hands              Tmut           ####......   26%         5    #####..


Dungeon Overview and Level Annotations

Branches:
Dungeon (7/15)             Temple (1/1) D:5

Altars:
Ashenzari
Cheibriados
Dithmenos
Fedhas
Gozag
Hepliaklqana
Kikubaaqudgha
Makhleb
Nemelex Xobeh
Okawaru
Qazlal
Ru
Sif Muna
Trog
Uskayaw
Wu Jian
Xom
Yredelemnul
Zin
The Shining One

Shops:
D:5 ?

Annotations:
D:3 exclusion: downstairs


Innate Abilities, Weirdness & Mutations

You are too large for most types of armour.
You have tough skin. (AC +1)


Message History

Aim: a two-headed ogre, wielding two +0 giant clubs (heavily wounded, lightly drained)
You reach to attack!
You closely miss the two-headed ogre.
The two-headed ogre is heavily wounded.
Your adder bites the two-headed ogre.
The two-headed ogre hits your adder with a +0 giant club!
The two-headed ogre closely misses your adder.
Your adder bites the two-headed ogre.
Attack whom?
Press: ? - help, Dir - move target cursor, f/p - two-headed ogre
Aim: a two-headed ogre, wielding two +0 giant clubs (severely wounded, lightly drained)
You reach to attack!
You hit the two-headed ogre. You drain the two-headed ogre.
The two-headed ogre is severely wounded.
The two-headed ogre hits your adder with a +0 giant club!!
Your adder dies!
You fade into invisibility!
The two-headed ogre hits you with a +0 giant club!!
* * * LOW HITPOINT WARNING * * *
The two-headed ogre hits you with a +0 giant club!
You die...

## #.#######
#.........#.. .# #.#
#######...... ## #.#
###.#.. #####.##
#.#.. .......# #....
#####.## ###.. ###
#.. ######## #..
#@O....# #######.
#######.# #....O..
##_## #.## #.#####.
#8...8 #.O###.#####.
#.....##..........#.
#
#8.....8#..###.###...
## ##.....##### #.#
##.. .# #8...8#
#.###... ## #.......


You could see a two-headed ogre.

Vanquished Creatures
  Sigmund (D:2)
  Eustachio (D:4)
  2 water moccasins
  2 orc warriors
  2 sky beasts
  2 ice beasts
  2 ogres
  3 centaurs
  A bullfrog (D:6)
  2 scorpions
  5 howler monkeys
  2 crimson imps (D:6)
  2 quasits (D:7)
  A centaur zombie (D:7)
  7 orc priests
  7 hounds
  2 centaur skeletons (D:4)
  4 jellies
  12 orc wizards
  3 worker ants
  A hound zombie (D:5)
  Robin (D:3)
  3 gnolls
  2 adders (D:3)
  A howler monkey skeleton (D:5)
  A shadow imp (D:5)
  An ooze (D:4)
  An adder skeleton (D:7)
  2 worms (D:2)
  3 dart slugs
  6 leopard geckos
  49 orcs
  2 ball pythons
  3 giant cockroaches
  13 goblins
  10 hobgoblins
  9 jackals
  2 quokkas
  11 bats
  4 frilled lizards
  A jackal skeleton (D:6)
  10 kobolds
  A leopard gecko skeleton (D:4)
  9 rats
209 creatures vanquished.

Vanquished Creatures (collateral kills)
  Harold (D:7)
  An ogre (D:4)
  A centaur (D:5)
  A worker ant (D:3)
  2 adders (D:2)
  2 orcs (D:6)
  A goblin (D:2)
9 creatures vanquished.

Grand Total: 218 creatures vanquished

Notes
Turn   | Place    | Note
-------+----------+-------------------------------------------
     0 | D:1      | erloom the Ogre Transmuter began the quest for the Orb.
     0 | D:1      | Reached XP level 1. HP: 19/19 MP: 3/3
    41 | D:1      | Reached XP level 2. HP: 18/28 MP: 5/5
   427 | D:1      | Learned a level 2 spell: Sticks to Snakes
  1039 | D:2      | Noticed Sigmund
  1042 | D:2      | Reached XP level 3. HP: 35/35 MP: 7/7
  1242 | D:2      | Killed Sigmund
  1242 | D:2      | Reached XP level 4. HP: 19/42 MP: 1/8
  1242 | D:2      | Reached XP level 5. HP: 22/49 MP: 1/9
  1261 | D:1      | Learned a level 3 spell: Spider Form
  2423 | D:2      | Reached skill level 1 in Poison Magic
  2821 | D:3      | Noticed Robin
  2920 | D:3      | Killed Robin
  2920 | D:3      | Reached XP level 6. HP: 51/57 MP: 7/10
  3507 | D:3      | Learned a level 4 spell: Ice Form
  3587 | D:3      | Reached skill level 5 in Transmutations
  4132 | D:3      | Found a sacrificial altar of Ru.
  4142 | D:3      | Reached skill level 1 in Ice Magic
  4270 | D:3      | HP: 2/57 [poisoned by a worker ant]
  4278 | D:3      | HP: 2/57 [poisoned by a worker ant]
  5051 | D:3      | Reached XP level 7. HP: 20/65 MP: 8/11
  6000 | D:4      | Found a stormy altar of Qazlal.
  6219 | D:5      | Entered Level 5 of the Dungeon
  6538 | D:5      | Noticed Eustachio
  6570 | D:4      | Killed Eustachio
  6570 | D:4      | Reached XP level 8. HP: 52/79 MP: 8/13
  6700 | D:5      | Reached skill level 5 in Fighting
  6910 | D:5      | Reached skill level 5 in Unarmed Combat
  7099 | D:5      | Found a shattered altar of Ashenzari.
  7477 | D:5      | Found Ontely's Magic Scroll Shop.
  7487 | D:5      | Got a pitted glaive
  7507 | D:5      | Bought a scroll of blinking for 90 gold pieces
  7507 | D:5      | Bought a scroll of identify for 24 gold pieces
  7507 | D:5      | Bought a scroll of identify for 24 gold pieces
  7524 | D:5      | Found a hazy altar of Hepliaklqana.
  7542 | D:5      | Found a staircase to the Ecumenical Temple.
  7551 | Temple   | Entered the Ecumenical Temple
  7591 | Temple   | Became a worshipper of Warmaster Okawaru
  7973 | D:5      | Identified the +7 glaive of Valiance {drain, rElec rPois
                  | Str-2} (You found it on level 5 of the Dungeon)
  8071 | D:6      | Reached skill level 1 in Polearms
  8134 | D:6      | Reached XP level 9. HP: 55/89 MP: 14/14
  8593 | D:6      | Found a bloodstained altar of Trog.
  8647 | D:6      | Found a blossoming altar of Fedhas.
  8735 | D:6      | Found an ancient bone altar of Kikubaaqudgha.
  8773 | D:6      | Reached * piety under Okawaru
  8773 | D:6      | Reached skill level 1 in Invocations
  8843 | D:6      | Reached skill level 5 in Spellcasting
  9318 | D:7      | Found a stormy altar of Qazlal.
 10137 | D:7      | Reached ** piety under Okawaru
 10139 | D:7      | Reached skill level 5 in Ice Magic
 10363 | D:7      | Noticed Harold
 10551 | D:7      | Reached XP level 10. HP: 84/98 MP: 19/19
 10749 | D:7      | Killed Harold
 11049 | D:7      | Noticed a two-headed ogre
 11089 | D:7      | Found an ornate altar of the Wu Jian Council.
 11102 | D:7      | Mangled by a two-headed ogre

Levels and vault maps discovered:
D:1:      saegor_arrival_simple_a, layout_basic
D:2:      layout_rooms, kennysheep_cross_room, st_stairs_6, minmay_vboxes,
          uniq_sigmund
D:3:      layout_basic, first_ration, nicolae_ru_awakened_eye, uniq_robin
D:4:      layout_basic, grunt_ministairs_2, nicolae_qazlal_eye_of_the_storm
D:5:      layout_cave_pools, kennysheep_little_box,
          ashenzari_conservatory_becter, minmay_temple_entry_mini_moons,
          serial_shops, shop, uniq_eustachio
D:6:      layout_rooms, lemuel_round_altar, basic_altar, fedhas_altar_2
D:7:      layout_loops_corners, nicolae_overflow_hidden_temple, uniq_harold
Temple:   eino_wide_crystal_templ

Skill      XL: |  1  2  3  4  5  6  7  8  9 10 |
---------------+-------------------------------+-----
Transmutations | 2 4 5 6 |  6.3
Fighting       | 2 4 6 |  6.0
Unarmed Combat | 3 4 6 |  6.0
Spellcasting   | 3 6 |  6.0
Poison Magic   | 1 2 |  2.0
Ice Magic      | 2 3 5 6 |  6.5
Dodging        | 2 |  2.1
Polearms       | 1 3 |  3.6
Invocations    | 2 |  2.2

Action                   |  1- 3 |  4- 6 |  7- 9 | 10-12 || total
-------------------------+-------+-------+-------+-------++-------
Melee: Unarmed           |   125 |   338 |   184 |       ||   647
       Headbutt          |     1 |    12 |       |       ||    13
       Kick              |       |     9 |     5 |       ||    14
       Punch             |       |     3 |     2 |       ||     5
       Glaive            |       |       |   173 |    25 ||   198
Throw: Tomahawk          |       |       |     1 |       ||     1
 Cast: Sticks to Snakes  |     3 |     4 |    18 |     7 ||    32
       Beastly Appendage |     1 |    14 |     2 |       ||    17
       Spider Form       |       |     5 |    15 |       ||    20
Invok: Heroism           |       |       |     1 |     1 ||     2
  Use: Scroll            |       |     5 |     6 |     1 ||    12
       Potion            |       |       |       |     1 ||     1
 Stab: Distracted        |       |       |     1 |     1 ||     2
  Eat: Chunk             |     1 |    13 |    14 |     1 ||    29
       Ration            |       |       |     2 |       ||     2
Armor: Robe              |    62 |    74 |    66 |       ||   202
       Skin              |       |     1 |     9 |       ||    10
Dodge: Dodged            |    88 |   231 |   212 |     9 ||   540
Block: Other             |       |     3 |    26 |       ||    29
       Reflection        |       |       |     4 |       ||     4

Table legend:
 A = Non-vault XP
 B = Vault XP
 C = Vault XP percentage of total XP
 D = Non-vault monster count
 E = Vault monster count
 F = Vault count percentage of total count
                 A         B        C        D         E       F
            +---------+---------+-------+---------+---------+-------
      Total |    4263 |    1313 |  23.5 |     192 |      26 |  11.9
            +---------+---------+-------+---------+---------+-------
        D:1 |      34 |       2 |   5.6 |      18 |       1 |   5.3
        D:2 |      74 |     195 |  72.5 |      28 |      12 |  30.0
        D:3 |     270 |      31 |  10.3 |      30 |      10 |  25.0
        D:4 |     607 |     254 |  29.5 |      32 |       2 |   5.9
        D:5 |     626 |       0 |   0.0 |      15 |       0 |   0.0
        D:6 |     973 |       0 |   0.0 |      25 |       0 |   0.0
        D:7 |    1679 |     831 |  33.1 |      44 |       1 |   2.2
            +---------+---------+-------+---------+---------+-------
